 Dungeon Crawl Stone Soup version 0.31-a0-691-g409c26aa35 (webtiles) character file.

Game seed: 4890520839669364568

7700 LynnLen the Covert (level 11, -2/54 HPs)
             Began as a Spriggan Enchanter on Sept 7, 2023.
             Was a Priest of Dithmenos.
             Killed from afar by Erica (18 damage)
             ... with a bolt of poison
             ... on level 9 of the Dungeon.
             The game lasted 00:35:19 (10882 turns).

LynnLen the Covert (Spriggan Enchanter)            Turns: 10882, Time: 00:35:19

Health: -2/54      AC:  9    Str:  4    XL:     11   Next: 0%
Magic:  19/23      EV: 21    Int: 28    God:    Dithmenos [***...]
Gold:   498        SH:  0    Dex: 15    Spells: 17/25 levels left

rFire   . . .        N - +2 dagger (freeze)
rCold   + . .        (no shield)
rNeg    . . .        z - +0 steam dragon scales
rPois   .            k - +1 hat
rElec   .            K - +2 cloak {rCorr}
rCorr   +            (gloves unavailable)
SInv    +            (boots unavailable)
Will    +....        h - amulet of regeneration
Stlth   ++++++       f - +6 ring of intelligence
HPRegen 1.09/turn    j - ring of protection from cold
MPRegen 0.18/turn

%: no passive effects
@: lethally poisoned (-2 -> -9), wreathed by umbra, very quick
A: very small, no large weapons, unfitting armour, see invisible, speed 3
a: Renounce Religion, Shadow Step


You were on level 9 of the Dungeon.
You worshipped Dithmenos.
Dithmenos was most pleased with you.
You visited 2 branches of the dungeon, and saw 10 of its levels.
You also visited: Bailey.

You collected 597 gold pieces.
You spent 99 gold pieces at shops.

Inventory:

Hand Weapons
 q - a +1 dagger of venom
 N - a +2 dagger of freezing (weapon)
Missiles
 b - 2 throwing nets
Armour
 k - a +1 hat (worn)
 z - +0 steam dragon scales (worn)
 C - a +2 robe of willpower
 K - a +2 cloak of preservation (worn)
Jewellery
 d - a ring of willpower
 f - a +6 ring of intelligence (left hand)
 h - an amulet of regeneration (around neck)
 j - a ring of protection from cold (right hand)
 I - a +6 ring of intelligence
 L - a ring of ice
Talismans
 n - a blade talisman
 F - a maw talisman
Wands
 y - a wand of acid (11)
 B - a wand of polymorph (24)
 D - a wand of flame (20)
 G - a wand of roots (4)
Scrolls
 o - 2 scrolls of poison
 s - a scroll of fog
 t - 2 scrolls of teleportation
 u - a scroll of amnesia
 v - a scroll of blinking
 E - 3 scrolls of vulnerability
 M - a scroll of fear {unknown}
Potions
 c - 2 potions of invisibility
 e - 5 potions of curing
 g - 2 potions of resistance
 i - 4 potions of mutation
 l - a potion of brilliance
 m - a potion of ambrosia {unknown}
 p - a potion of enlightenment {unknown}
 r - a potion of might {unknown}
 w - a potion of berserk rage {unknown}
 x - 2 potions of cancellation {unknown}
Miscellaneous
 A - a tin of tremorstones (2/2)
 J - a phantom mirror


   Skills:
 + Level 4.8 Fighting
 * Level 7.9 Short Blades
 + Level 8.4 Dodging
 + Level 10.3 Stealth
 + Level 7.6 Spellcasting
 - Level 8.0 Hexes
 - Level 4.0 Ice Magic
 + Level 3.6 Invocations
 + Level 4.8 Shapeshifting


You had 17 spell levels left.
You knew the following spells:

 Your Spells              Type           Power      Damage    Failure   Level
a - Ensorcelled Hibernat  Hex/Ice        88%        N/A       1%          2
b - Confusing Touch       Hex            53%        N/A       1%          3
c - Tukima's Dance        Hex            53%        N/A       1%          3

Your spell library contained the following spells:

 Spells                   Type           Power      Damage    Failure   Level
 Dazzling Flash           Conj/Hex       66%        N/A       3%          3
 Apportation              Tloc           20%        N/A       5%          1
 Lesser Beckoning         Tloc           20%        N/A       8%          2
 Gell's Gravitas          Tloc           10%        N/A       16%         3
 Teleport Other           Tloc           10%        N/A       16%         3
 Alistair's Intoxication  Tmut/Pois      6%         N/A       82%         5


Dungeon Overview and Level Annotations

Branches:
Dungeon (9/15)             Temple (1/1) D:7          Bailey (visited)
   Lair: D:8-11         Orc: D:9-12

Altars:
Ashenzari
Cheibriados
Dithmenos
Elyvilon
Fedhas
Gozag
Hepliaklqana
Kikubaaqudgha
Makhleb
Nemelex Xobeh
Okawaru
Qazlal
Ru
Sif Muna
Trog
Uskayaw
Vehumet
Wu Jian
Xom
Yredelemnul
Zin
The Shining One

Shops:
D:5 [

Annotations:
D:3 3 runed translucent doors, Xavori's ghost, amateur OpCK
D:8 1 runed translucent door, bjtr's ghost, novice GrRe
D:9 Erica


Innate Abilities, Weirdness & Mutations

You are very small and have problems with some larger weapons.
You are too small for most types of armour.
You have supernaturally acute eyesight. (SInv)
You cover ground extremely quickly. (Speed+++)


Message History

Ouch! That really hurt!
The killer bee buzzes angrily.
You hit the orc. You freeze the orc.
The orc is heavily wounded.
You feel sick.
You hear a loud, deep croak!
You hit the orc. You freeze the orc.
You kill the orc!
Dithmenos accepts your kill.
You feel sick.
Unknown command.
Aiming: Ensorcelled Hibernation (safe; 1% risk of failure)
Press: ? - help, Q - select action, (/) - cycle Shift-Dir - straight line, f - Erica
Aim: Erica, wielding a +2 scimitar of flaming and wearing a +1 robe of fire resistance (lightly wounded, umbra, chance to affect: 33%) Erica easily resists.
You feel sick.
The orc priest looks satisfied for a moment.
Erica casts a spell at you. You resist with almost no effort.
Aiming: Ensorcelled Hibernation (safe; 1% risk of failure)
Press: ? - help, Q - select action, (/) - cycle Shift-Dir - straight line, f/p - Erica
Aim: Erica, wielding a +2 scimitar of flaming and wearing a +1 robe of fire resistance (lightly wounded, umbra, chance to affect: 33%) Erica easily resists.
You feel sick.
Erica hits you with a +2 scimitar of flaming!
* * * LOW HITPOINT WARNING * * *
Erica burns you.
* * * LOW HITPOINT WARNING * * *
Unknown command.
You feel better.
A bullfrog comes into view.
Erica points at you and mumbles some strange words.
The lance of force misses you.
Unknown command.
You feel better. Erica casts a spell at you. The bolt of poison hits you!!
You are poisoned.
You die...
Erica begins laughing uncontrollably.

..##...##...##...##..............
'##.....##+##.....'..............
..##...## ##...##..######+##...
...##.## ##.##...# #... ....#†#
#+##...# #... ...##.## ##..#...#
#... ..##...## ##...#...# #...
'##..⌠..# ##....#...# #...
..##...###.#####@#...#########...
...##.##....( #@#...............
....#'#...... #oo...............
............. #y#######.........
.....#....... #.. #.........
.....#....... #..o #.........
.....#....... #.... ##########
##...#....... #..... ..
.#...#....... #....y. +#


You could see Erica, an orc warrior, a killer bee and an orc.

Vanquished Creatures
  A tengu warrior (D:8)
  Maurice (D:9)
  A gargoyle (Bailey)
  2 hornets
  A slime creature (D:8)
  A wyvern (D:8)
  A steam dragon (D:8)
  Menkaure (D:6)
  3 water moccasins
  An acid dragon (D:8)
  3 black bears
  4 ice beasts
  2 sky beasts
  An ogre (D:6)
  2 centaurs
  2 phantoms
  2 kobold brigands
  Blork the orc (D:5)
  4 bullfrogs
  4 scorpions
  5 wights (D:8)
  12 killer bees
  7 vampire bats (Bailey)
  4 wolf zombies (Bailey)
  2 howler monkeys (D:8)
  6 hounds
  5 jellies
  A gnoll bouda (D:7)
  6 orc priests
  3 sleepcaps
  11 orc wizards
  5 iguanas
  Ijyb (D:5)
  13 gnolls
  14 adders
  A shadow imp (D:8)
  2 white imps (D:8)
  5 dart slugs
  30 orcs
  A ball python (D:2)
  6 endoplasms
  3 giant cockroaches
  11 goblins
  8 hobgoblins
  6 jackals (D:2)
  5 quokkas
  5 bats
  6 frilled lizards
  17 kobolds
  21 orc zombies (Bailey)
  2 rats
262 creatures vanquished.

Vanquished Creatures (collateral kills)
  A vampire (Bailey)
  An orc warrior (D:9)
  2 centaurs (D:8)
  A gnoll bouda (D:6)
  A gnoll (D:6)
  2 orc zombies (Bailey)
  An orc (D:8)
9 creatures vanquished.

Vanquished Creatures (others)
  A dancing weapon (D:8)
  A bat (D:1)
2 creatures vanquished.

Grand Total: 273 creatures vanquished

Notes
Turn   | Place    | Note
-------+----------+-------------------------------------------
     0 | D:1      | LynnLen the Spriggan Enchanter began the quest for the Orb.
     0 | D:1      | Reached XP level 1. HP: 9/9 MP: 5/5
    25 | D:1      | Found a faded altar of an unknown god.
   271 | D:1      | Reached XP level 2. HP: 13/13 MP: 6/6
   518 | D:1      | Learned a level 2 spell: Ensorcelled Hibernation
   590 | D:2      | Reached XP level 3. HP: 17/17 MP: 4/8
   715 | D:2      | Reached skill level 1 in Ice Magic
  1277 | D:2      | Reached XP level 4. HP: 21/21 MP: 6/9
  1917 | D:3      | Found a runed translucent gate.
  1917 | D:3      | Found a runed translucent gate.
  1917 | D:3      | Found a runed translucent gate.
  2067 | D:3      | Found a burning altar of Makhleb.
  2205 | D:3      | Reached skill level 1 in Fighting
  2367 | D:3      | Found a shimmering blue altar of Sif Muna.
  2375 | D:3      | Reached skill level 5 in Stealth
  2375 | D:3      | Reached XP level 5. HP: 25/25 MP: 8/11
  2382 | D:3      | Learned a level 3 spell: Confusing Touch
  2386 | D:3      | Learned a level 3 spell: Tukima's Dance
  2523 | D:3      | Noticed Xavori's ghost (amateur OpCK)
  2845 | D:4      | Found a stormy altar of Qazlal.
  2909 | D:4      | Noticed a phantom
  2978 | D:4      | Killed a phantom
  2979 | D:4      | Reached skill level 5 in Hexes
  2979 | D:4      | Reached XP level 6. HP: 30/30 MP: 10/12
  3202 | D:4      | Found an iron altar of Okawaru.
  3253 | D:4      | Found an opulent altar of Gozag.
  3746 | D:4      | Reached XP level 7. HP: 34/34 MP: 11/14
  3979 | D:5      | Entered Level 5 of the Dungeon
  3979 | D:5      | Noticed Ijyb
  3983 | D:5      | Killed Ijyb
  4019 | D:5      | Reached skill level 6 in Stealth
  4275 | D:5      | Reached XP level 8. HP: 39/39 MP: 15/15
  4350 | D:5      | Noticed Blork the orc
  4415 | D:5      | Reached skill level 5 in Dodging
  4572 | D:5      | Killed Blork the orc
  4627 | D:5      | Reached skill level 5 in Spellcasting
  5000 | D:5      | Reached skill level 7 in Stealth
  5063 | D:5      | Found Uvvi's Antique Armour Emporium.
  5071 | D:5      | Bought a runed robe for 99 gold pieces
  5577 | D:6      | Reached XP level 9. HP: 44/44 MP: 18/18
  5684 | D:6      | Noticed Menkaure
  5699 | D:6      | Killed Menkaure
  5793 | D:7      | Found an ancient bone altar of Kikubaaqudgha.
  6120 | D:6      | Reached skill level 8 in Stealth
  6120 | D:6      | Reached skill level 1 in Shapeshifting
  6276 | D:7      | Found a staircase to the Ecumenical Temple.
  6500 | Temple   | Entered the Ecumenical Temple
  6507 | Temple   | Became a worshipper of Dithmenos the Shadowed
  6546 | D:7      | Found a hide-covered altar of Uskayaw.
  6683 | D:7      | Reached skill level 5 in Short Blades
  6928 | D:7      | Reached skill level 1 in Invocations
  7132 | D:8      | Reached skill level 9 in Stealth
  7150 | D:8      | Noticed bjtr's ghost (novice GrRe)
  7351 | D:8      | Found a flagged portal.
  7369 | Bailey   | Entered a bailey
  7588 | Bailey   | Reached * piety under Dithmenos
  7671 | Bailey   | Reached XP level 10. HP: 49/49 MP: 9/20
  7937 | Bailey   | Noticed a gargoyle
  7946 | Bailey   | Killed a gargoyle
  8622 | D:8      | Reached ** piety under Dithmenos
  8969 | D:8      | Noticed a deep troll
  9020 | D:8      | a deep troll changed into a merfolk
  9034 | D:8      | a merfolk changed into a torpor snail
  9034 | D:8      | Noticed a torpor snail (shapeshifter)
  9046 | D:8      | Noticed a shock serpent
  9173 | D:8      | Noticed a tengu warrior
  9227 | D:8      | Killed a tengu warrior
  9357 | D:8      | Reached skill level 10 in Stealth
  9977 | D:8      | Found a runed translucent door.
 10379 | D:9      | Noticed Maurice
 10381 | D:9      | Killed Maurice
 10787 | D:9      | Reached XP level 11. HP: 54/54 MP: 23/23
 10798 | D:9      | Reached *** piety under Dithmenos
 10862 | D:9      | Noticed Erica
 10882 | D:9      | Killed from afar by Erica

Illustrated notes

Levels and vault maps discovered:
D:1:      tarquinn_simple_flora_water_c, layout_rooms,
          chequers_ecumenical_altar_simple_redux
D:2:      layout_basic
D:3:      layout_loops_cross, mainiacjoe_overflow_boulevard,
          kennysheep_orc_sif_temple, serial_aquarium,
          aquarium_bridge_long_joined [aquarium_subvault_bridge,
          aquarium_subvault_window, aquarium_subvault_bridge,
          aquarium_subvault_wall, aquarium_subvault_bridge,
          aquarium_subvault_wall], aquarium_bridge_square
          [aquarium_subvault_bridge, aquarium_subvault_bridge,
          aquarium_subvault_window, aquarium_subvault_wall],
          aquarium_window_corner, aquarium_window_fake, aquarium_window_fake,
          aquarium_view_4, gammafunk_ghost_necromancy
D:4:      layout_basic, mainiacjoe_overflow_cross_hatched,
          mainiacjoe_overflow_small_starburst,
          mainiacjoe_overflow_surrounded_room, wad_rectangle_vault
D:5:      layout_cave_pools, serial_shops, shop, roderic_lattice_a, uniq_ijyb,
          uniq_blork_the_orc
D:6:      layout_basic, uniq_menkaure
D:7:      layout_gridville, lemuel_tele_altar, lemuel_round_altar,
          temple_pool_b, nicolae_elevator_lobby_asterisk
D:8:      cheibrodos_ideogram_h, layout_layer_cave, enter_bailey_3,
          hellmonk_ghost_happy_afterlife
D:9:      layout_irregular_city, nicolae_hexahallways, serial_park_tiny_2,
          nicolae_underground_beach, uniq_maurice, uniq_erica
Temple:   minmay_freezing_vapour_temple

Skill      XL: |  1  2  3  4  5  6  7  8  9 10 |
---------------+-------------------------------+-----
Spellcasting   | 3 4 5 6 7 |  7.6
Hexes          | 4 5 6 7 8 |  8.0
Dodging        | 3 4 5 7 8 |  8.4
Ice Magic      | 1 2 3 4 |  4.0
Fighting       | 1 2 3 4 |  4.8
Short Blades   | 2 3 4 6 7 |  7.9
Stealth        | 5 6 7 9 10 | 10.3
Shapeshifting  | 3 4 |  4.8
Invocations    | 1 3 |  3.6

Action                     |  1- 3 |  4- 6 |  7- 9 | 10-12 || total
---------------------------+-------+-------+-------+-------++-------
  Melee: Dagger            |   124 |   156 |   310 |   446 ||  1036
         Punch             |     1 |     2 |    13 |     6 ||    22
   Cast: Ensorcelled Hiber |     8 |    22 |    33 |    13 ||    76
         Confusing Touch   |       |     4 |     8 |    25 ||    37
         Tukima's Dance    |       |       |    11 |    10 ||    21
  Evoke: Wand              |       |       |       |     3 ||     3
    Use: Scroll            |     5 |     4 |     4 |     3 ||    16
         Potion            |       |       |     3 |     2 ||     5
   Stab: Sleeping          |     8 |    26 |    57 |    12 ||   103
         Distracted        |       |     1 |       |     1 ||     2
         Confused          |       |     3 |     5 |    18 ||    26
         Invisible         |       |       |     1 |       ||     1
 Armour: Robe              |    43 |    35 |    88 |    64 ||   230
         Steam dragon scal |       |       |       |    21 ||    21
  Dodge: Dodged            |   110 |    99 |   249 |   421 ||   879

Table legend: (Time is in decaauts)
 A = Elapsed time spent in this place.
 B = Non-inter-level travel time spent in this place.
 C = Inter-level travel time spent in this place.
 D = Time resting spent in this place.
 E = Time spent auto-exploring this place.
 F = Levels seen in this place.
 G = Mean time per level.
                   A        B        C        D        E       F      G
               +--------+--------+--------+--------+--------+-----+--------+
         Total |   7799 |   7557 |    242 |   1782 |   2623 |  11 |  709.0 |
       Dungeon |   6886 |   6644 |    242 |   1423 |   2589 |   9 |  765.1 |
        Temple |      8 |      8 |      0 |      0 |      0 |   1 |    8.0 |
        Bailey |    903 |    903 |      0 |    359 |     34 |   1 |  903.0 |
               +--------+--------+--------+--------+--------+-----+--------+

Top non-repeatable levels by time:
     D:7: 1215 daAuts
     D:8: 1098 daAuts
     D:4: 982 daAuts
  Bailey: 903 daAuts
     D:2: 803 daAuts
     D:3: 745 daAuts
     D:5: 709 daAuts
     D:6: 506 daAuts
     D:9: 443 daAuts
     D:1: 382 daAuts
  Temple: 8 daAuts
